Map: 粉红之都 - 天梯版

Players

邻家小猪

  • Race: Terran Terran
  • League: Platinum
  • Spawn Location: 1:00

反正我又不会玩 - Winner!

  • Race: Zerg Zerg
  • League: Grandmaster
  • Spawn Location: 7:00

VOD

Have the link to the VOD?

Description

Time

  • Played on: Feb. 19, 2018, 10 a.m.
  • Length: 8:39
Show
View Real Time Build Order
Export as new Build Order

邻家小猪 Terran 

Build Orders: Reaper Expand, MMM Bio 

Get SALT Encoding   

  12  0:01  SCV  
  13  0:13  SCV  
  14  0:18  Supply Depot  
  14  0:25  SCV  
  15  0:39  SCV  
  15  0:41  Barracks  
  16  0:45  Refinery  
  16  0:51  SCV  
  17  1:03  SCV  
  18  1:15  SCV  
  19  1:28  Reaper  
  20  1:35  Command Center  
  20  1:40  Orbital Command  
  20  1:57  Supply Depot  
  20  2:07  Marine  
  21  2:10  Factory  
  21  2:12  SCV  
  22  2:27  Barracks Reactor  
  22  2:31  SCV  
  23  2:43  SCV  
  24  2:52  Orbital Command  
  24  2:55  Command Center, SCV  
  25  3:05  Bunker  
  25  3:07  SCV  
  26  3:19  SCV  
  27  3:21  SCV  
  27  3:22  Supply Depot  
  27  3:23  Barracks Tech Lab  
  27  3:24  Hellion  
  27  3:25  Hellion  
  32  3:31  SCV  
  32  3:33  SCV  
  34  3:37  Refinery  
  34  3:43  SCV  
  34  3:45  SCV  
  34  3:46  Hellion x2  
  40  3:56  SCV  
  40  3:57  SCV  
  40  3:59  Stimpack  
  42  4:06  Barracks  
  42  4:08  SCV, Barracks  
  43  4:10  Orbital Command  
  43  4:14  SCV  
  44  4:20  SCV  
  44  4:24  Starport  
  45  4:27  SCV  
  45  4:30  Factory Reactor  
  46  4:32  SCV  
  46  4:34  Orbital Command  
  47  4:41  SCV  
  47  4:44  SCV  
  49  4:45  Supply Depot  
  49  4:47  Supply Depot  
  49  4:50  Supply Depot  
  49  4:53  SCV  
  49  4:56  SCV  
  51  5:01  Starport Reactor  
  51  5:02  SCV, Engineering Bay x2  
  51  5:05  SCV, Supply Depot  
  51  5:06  Supply Depot  
  53  5:09  SCV  
  54  5:21  Marine x2  
  54  5:24  SCV, Refinery x2  
  54  5:25  SCV, Supply Depot  
  54  5:26  Factory Reactor  
  58  5:29  Bunker  
  58  5:31  Marine  
  59  5:36  SCV  
  59  5:37  Terran Infantry Armor Level 1, Terran Infantry Weapons Level 1  
  59  5:41  Medivac x2  
  64  5:43  SCV x2  
  66  5:50  Marine  
  66  5:51  Marine x3  
  66  5:52  SCV  
  66  5:56  SCV x2  
  73  5:57  Marine  
  73  6:01  Combat Shields  
  74  6:05  SCV  
  74  6:08  Marine x2, SCV  
  74  6:09  Marine x2, Supply Depot  
  74  6:11  SCV  
  81  6:15  Marine  
  81  6:17  SCV  
  83  6:19  Medivac x2  
  83  6:24  SCV x2  
  89  6:26  Marine x2, Barracks  
  89  6:29  SCV  
  89  6:30  Factory Reactor  
  92  6:34  Barracks  
  92  6:36  Armory  
  77  6:53  Marine  
  75  6:54  Marine x4  
  75  6:55  Medivac x2  
  75  6:59  SCV x2  
  85  7:04  Barracks  
  85  7:05  Barracks  
  85  7:06  SCV  
  86  7:09  Barracks x2  
  86  7:11  Marine  
  86  7:12  Marine x4  
  89  7:27  Marine  
  89  7:28  Marine x2  
  89  7:29  Marine x2  
  93  7:30  Marine  
  95  7:37  Marine x2  
  95  7:38  Medivac x2  
  101  7:45  Marine x2  
  101  7:47  Marine x3  
  101  7:50  Factory Reactor  
  106  7:52  Barracks  
  106  7:54  Marine  
  106  7:55  Marine  
  106  7:56  Barracks Reactor  
  108  8:03  Marine x2  
  108  8:05  Marine x2  
Show
View Real Time Build Order
Export as new Build Order

反正我又不会玩 Zerg - Winner!

Build Orders: Pool First 

Get SALT Encoding   

  12  0:02  Drone  
  13  0:09  Drone  
  14  0:19  Extractor, Drone  
  15  0:23  Overlord  
  15  0:41  Drone x2  
  17  0:45  Spawning Pool  
  16  0:50  Drone  
  17  1:12  Hatchery  
  17  1:15  Extractor, Drone  
  16  1:21  Drone  
  17  1:32  Zergling x4  
  19  1:33  Queen  
  19  1:39  Zergling x2  
  22  1:50  Overlord  
  22  2:08  Drone  
  22  2:09  Queen  
  22  2:13  Drone  
  26  2:29  Drone x2  
  27  2:30  Metabolic Boost  
  27  2:38  Drone x2  
  29  2:45  Drone  
  29  2:46  Drone  
  31  3:01  Overlord  
  31  3:02  Overlord  
  31  3:05  Hatchery  
  29  3:20  Drone x4  
  33  3:33  Hatchery  
  32  3:36  Drone x2  
  32  3:41  Queen  
  36  3:42  Drone x2  
  36  3:47  Drone, Queen  
  41  3:56  Overlord  
  41  3:58  Overlord  
  41  4:00  Drone  
  42  4:09  Drone  
  43  4:12  Drone  
  43  4:13  Hatchery  
  43  4:18  Drone  
  43  4:22  Queen  
  46  4:26  Lair  
  46  4:31  Roach Warren  
  46  4:33  Extractor  
  46  4:34  Zergling x2  
  46  4:36  Zergling x2  
  46  4:38  Zergling x2  
  46  4:41  Zergling x4  
  48  4:48  Drone x4  
  52  4:55  Zergling x4  
  52  4:58  Extractor, Drone x3  
  52  4:59  Extractor  
  55  5:00  Drone  
  56  5:07  Drone x3  
  56  5:10  Drone x2  
  61  5:14  Evolution Chamber  
  61  5:16  Evolution Chamber  
  61  5:18  Drone  
  61  5:20  Drone  
  61  5:23  Drone x2  
  63  5:29  Drone  
  63  5:30  Drone x2  
  63  5:33  Drone x2  
  68  5:36  Glial Reconstitution  
  68  5:39  Overseer  
  68  5:41  Overlord  
  68  5:44  Drone x2  
  68  5:49  Drone x3  
  73  5:55  Drone x4  
  77  5:58  Overlord  
  77  6:02  Zerg Missile Weapons Level 1  
  77  6:05  Zerg Ground Armor Level 1  
  77  6:10  Roach x2  
  81  6:11  Roach  
  81  6:13  Roach  
  81  6:15  Extractor, Drone  
  81  6:16  Drone  
  81  6:17  Drone  
  87  6:19  Drone  
  87  6:20  Drone  
  87  6:24  Extractor  
  88  6:25  Drone  
  88  6:26  Drone x2  
  91  6:41  Roach  
  91  6:43  Overlord x5  
  91  6:45  Roach  
  91  6:46  Roach  
  93  6:52  Roach  
  93  7:00  Overlord x2  
  93  7:01  Roach  
  93  7:02  Roach x8  
  93  7:08  Roach x3  
  117  7:11  Roach x2  
  121  7:19  Overlord x3  
  121  7:24  Roach  
  121  7:25  Roach x4  
  121  7:29  Roach x2  
  135  7:31  Roach  
  135  7:32  Roach  
  135  7:34  Ravager  
  135  7:35  Ravager x2  
  143  7:37  Ravager x6  
  143  7:40  Overlord  
  143  7:41  Overlord  
  148  7:45  Roach x2  
  148  7:47  Roach  
  148  7:49  Roach  
  148  7:50  Roach  
  158  7:56  Overlord x2  
  158  7:57  Overlord  
  158  7:59  Roach  
  158  8:00  Roach  
  162  8:05  Roach  
  162  8:06  Roach x2  
  166  8:16  Ravager  
  166  8:17  Ravager  
  166  8:19  Roach  
  168  8:27  Ravager  
  173  8:34  Ravager  
  173  8:36  Ravager  
Tags
 
Add a new tag
Caveats
  • Supply blocks, unpowered buildings, or Contaminate may cause inaccurate times.
  • Supply counts are checked every 10 seconds.